 Dungeon Crawl Stone Soup version 0.31-a0-145-g046c7d2549 (webtiles) character file.

Game seed: 5447532063106886121

173 qw the Shooter (level 5, 0/47 HPs)
             Began as a Minotaur Hunter on June 7, 2023.
             Slain by Sigmund
             ... wielding a +0 scythe
              (8 damage)
             ... on level 3 of the Dungeon.
             The game lasted 00:00:51 (1989 turns).

qw the Shooter (Minotaur Hunter)                    Turns: 1989, Time: 00:00:51

Health: 0/47       AC:  8    Str: 15    XL:     5   Next: 28%
Magic:  4/4        EV: 16    Int:  6    God:
Gold:   68         SH:  0    Dex: 16    Spells: 4/4 levels left

rFire   . . .        Y - +0 shortbow
rCold   . . .        (shield currently unavailable)
rNeg    . . .        d - +0 ring mail
rPois   .            (helmet restricted)
rElec   .            (no cloak)
rCorr   .            j - +2 pair of gloves
SInv    .            (no boots)
Will    .....        (no amulet)
Stlth   +            m - +5 ring of evasion
HPRegen 0.27/turn    (no ring)
MPRegen 0.09/turn

%: no passive effects
@: no status effects
A: horns 2, retaliatory headbutt
a: no special abilities


You were on level 3 of the Dungeon.
You visited 1 branch of the dungeon, and saw 3 of its levels.

You collected 68 gold pieces.


Innate Abilities, Weirdness & Mutations

You have a pair of horns on your head.
You reflexively headbutt those who attack you in melee.


   Skills:
 - Level 4.3 Fighting
 + Level 6.2 Ranged Weapons
 - Level 1.2 Armour
 - Level 2.1 Dodging
 - Level 0.7 Stealth


You had 4 spell levels left.
You didn't know any spells.
Your spell library was empty.

Inventory:

Hand Weapons
 Y - a +0 shortbow (weapon)
Armour
 d - a +0 ring mail (worn)
 j - a +2 pair of gloves (worn)
Jewellery
 m - a +5 ring of evasion (left hand)
Scrolls
 f - a scroll of enchant armour {unknown}
Potions
 a - a potion of brilliance {unknown}
 b - a potion of degeneration {unknown}
 c - a potion of enlightenment {unknown}
 e - a potion of cancellation {unknown}
 g - a potion of mutation {unknown}
 h - a potion of haste {unknown}
 i - a potion of resistance {unknown}
 k - a potion of magic {unknown}
 l - 2 potions of heal wounds {unknown}

Dungeon Overview and Level Annotations

Branches:
Dungeon (3/15)

Altars:
Fedhas

Shops:
D:2 !

Annotations:
D:3 1 runed translucent door, Sigmund; qw's ghost, amateur GrFi


Message History

You are confused.
Sigmund casts a spell at you.
You are more confused.
Sigmund points at you and mumbles some strange words.
You resist with some effort. Sigmund misses you.
Sigmund hits you from afar with a +0 scythe!
Sigmund closely misses you.
Sigmund hits you from afar with a +0 scythe.
Sigmund hits you but does no damage. Sigmund hits you but does no damage.
Sigmund misses you.
You feel less confused.
Sigmund hits you from afar with a +0 scythe.
You shoot an arrow. The arrow hits Sigmund.
Sigmund is moderately wounded.
Sigmund gestures wildly while chanting.
Sigmund flickers and vanishes!
Deactivating autopickup; reactivate with Ctrl-A.
You shoot an arrow. Something hits you.
You shoot an arrow. The arrow hits the plant.
The plant begins to die.
The plant is lightly damaged.
A magic dart appears from out of thin air!
The magic dart hits you.
You shoot an arrow. Something hits you.
You shoot an arrow. Something hits you but does no damage.
You shoot an arrow.
A nearby plant withers and dies.
You shoot an arrow. The arrow hits the plant.
The plant begins to die.
The plant is lightly damaged.
Something hits you!
You shoot an arrow. The arrow hits the plant.
The plant is lightly damaged.
Something hits you.
You shoot an arrow. Something hits you!
You die...

P.~~~~._.~~~~.P
#.~~~~...~~~~..
######
P.~~~~~~~~~~~.7
#'....
P..~~~~~~~~~..#
######
P...~~~~~~~..PP
#.#
PPP..~~~~~..PPP
#.. .P.P.{.....PP#
#.# #@# #.# #.#
#[# #.## #.#
#..#############.#
##...............#
###############.#
#.# #.# #..


There were no monsters in sight!

Vanquished Creatures
  Jessica (D:2)
  2 orc wizards (D:3)
  4 adders
  A worm (D:3)
  A dart slug (D:1)
  3 orcs (D:3)
  4 bats
  5 endoplasms
  2 giant cockroaches
  5 goblins
  6 hobgoblins
  7 jackals
  A quokka (D:1)
  3 ball pythons
  3 frilled lizards
  A kobold (D:3)
  6 rats
55 creatures vanquished.

Notes
Turn   | Place    | Note
-------+----------+-------------------------------------------
     0 | D:1      | qw the Minotaur Hunter began the quest for the Orb.
     0 | D:1      | Reached XP level 1. HP: 18/18 MP: 0/0
     0 | D:1      | 0 ||| qw: Version: 0.2-a-117-gc6b5c8b
     0 | D:1      | 0 ||| qw: Game counter: 2404
     0 | D:1      | 0 ||| qw: Always use a shield: true
     0 | D:1      | 0 ||| qw: God list: Okawaru
     0 | D:1      | 0 ||| qw: Allow faded altars: false
     0 | D:1      | 0 ||| qw: Do Orc after D:15 true
     0 | D:1      | 0 ||| qw: Do second Lair branch before Depths: true
     0 | D:1      | 0 ||| qw: Lair rune preference: random
     0 | D:1      | 0 ||| qw: Plans: Normal
     0 | D:1      | 0 ||| PLANNING D:1-11
   161 | D:1      | 161 ||| Stepping ~*~*~tactically~*~*~ (water).
   203 | D:1      | Reached XP level 2. HP: 19/25 MP: 1/1
   287 | D:1      | Reached skill level 5 in Ranged Weapons
   445 | D:1      | Reached skill level 3 in Fighting
   738 | D:1      | 738 ||| UPGRADING to +0 ring mail.
   748 | D:1      | 748 ||| DROPPING +0 leather armour.
   749 | D:1      | 749 ||| READING scroll labelled JIG YKOCRAMOY.
   750 | D:1      | 750 ||| DROPPING scroll of butterflies.
   813 | D:2      | Found Ecaun's Distillery.
   821 | D:2      | 821 ||| SHOPLISTING potion of curing (39 gold, have 16).
   821 | D:2      | 821 ||| SHOPLISTING potion of might (52 gold, have 16).
   821 | D:2      | 821 ||| SHOPLISTING potion of mutation (104 gold, have 16).
   821 | D:2      | 821 ||| SHOPLISTING potion of resistance (130 gold, have
                  | 16).
   834 | D:2      | Reached skill level 1 in Armour
   834 | D:2      | Reached XP level 3. HP: 16/31 MP: 2/2
   915 | D:2      | Noticed Jessica
   927 | D:2      | Killed Jessica
   963 | D:2      | Reached XP level 4. HP: 36/38 MP: 3/3
  1252 | D:2      | 1252 ||| UPGRADING to +2 pair of gloves.
  1257 | D:2      | 1257 ||| UPGRADING to +5 ring of evasion.
  1258 | D:2      | 1258 ||| READING scroll labelled WUGUTEVIAT.
  1259 | D:2      | 1259 ||| READING scroll labelled HEYRIT ABIZA.
  1260 | D:2      | 1260 ||| READING scroll labelled ODUPLI ZUMORGH.
  1261 | D:2      | 1261 ||| READING scroll labelled WUMPOON BUMOS.
  1368 | D:3      | Reached skill level 6 in Ranged Weapons
  1401 | D:3      | HP: 10/40 [something (3)]
  1407 | D:3      | Reached XP level 5. HP: 6/47 MP: 4/4
  1590 | D:3      | Found a runed translucent door.
  1592 | D:3      | Noticed qw's ghost (amateur GrFi)
  1961 | D:3      | Noticed Sigmund
  1964 | D:3      | Found a blossoming altar of Fedhas.
  1987 | D:3      | HP: 10/47 [something (7)]
  1989 | D:3      | Slain by Sigmund

Levels and vault maps discovered:
D:1:      sevenhm_arrival_forest_fort_large_2, layout_loops_ring,
          nrook_mini_backslash, st_stairs_10, serial_bayou_pond_a,
          minmay_pentomino_t2
D:2:      layout_basic, serial_shops,
          nicolae_shop_temple_entry_statues_fountains, uniq_jessica
D:3:      layout_basic, tgw_fedhas, gammafunk_ghost_grave, uniq_sigmund

Skill      XL: |  1  2  3  4 |
---------------+-------------+-----
Ranged Weapons | 5 6 |  6.2
Fighting       | 3 4 |  4.3
Armour         | 1 |  1.2
Dodging        | |  2.1
Stealth        | |  0.7

Action                     |  1- 3 |  4- 6 || total
---------------------------+-------+-------++-------
   Fire: Shortbow          |   100 |   109 ||   209
    Use: Scroll            |     1 |     4 ||     5
 Armour: Leather armour    |    15 |       ||    15
         Ring mail         |     6 |    35 ||    41
  Dodge: Dodged            |    31 |    43 ||    74

Table legend:
 A = Non-vault XP
 B = Vault XP
 C = Vault XP percentage of total XP
 D = Non-vault monster count
 E = Vault monster count
 F = Vault count percentage of total count
                 A         B        C        D         E       F
            +---------+---------+-------+---------+---------+-------
      Total |     206 |      42 |  16.9 |      51 |       4 |   7.3
            +---------+---------+-------+---------+---------+-------
        D:1 |      31 |       5 |  13.9 |      16 |       3 |  15.8
        D:2 |      44 |      37 |  45.7 |      12 |       1 |   7.7
        D:3 |     131 |       0 |   0.0 |      23 |       0 |   0.0
            +---------+---------+-------+---------+---------+-------
